[Event "Titled Tuesday Blitz August 08 Late 2023"]
[White "Bazzano, Sebastian"]
[Black "Ljukin, Sergei"]
[WhiteFideId "104566"]
[BlackFideId "14102200"]
[WhiteElo "2212"]
[BlackElo "2457"]
[Result "0-1"]
[Round "4"]
[TimeControl "180+1"]
[Date "2023.08.08"]
[WhiteClock "0:00:00"]
[BlackClock "0:00:53"]
[Board "174"]

1. d4 d5 2. Bf4 Nf6 3. e3 c5 4. c3 Nc6 5. Nd2 Bf5 6. Qb3 Qb6 7. dxc5 Qxb3 8. axb3 e5 9. Bg3 Bxc5 10. Bb5 Nd7 11. Ngf3 f6 12. O-O O-O 13. Rfe1 Be6 14. b4 Bb6 15. h3 a6 16. Bxc6 bxc6 17. Nb3 d4 18. Na5 dxe3 19. fxe3 c5 20. bxc5 Nxc5 21. Bf2 Nd3 22. Re2 Rfd8 23. Ne1 Nxf2 24. Kxf2 f5 25. Kf1 Bxa5 26. Rxa5 Bc4 27. Kf2 Bxe2 28. Kxe2 Rdb8 29. Nd3 e4 30. Nb4 Rb5 31. Ra1 a5 0-1


[Site "https://www.chess.com"]

[Event "Titled Tuesday Blitz August 08 Late 2023"]
[White "Araujo Filho, Luiz Antonio Coel"]
[Black "JERO-8914"]
[WhiteFideId "2130661"]
[WhiteElo "2210"]
[BlackElo "2456"]
[Result "0-1"]
[Round "4"]
[TimeControl "180+1"]
[Date "2023.08.08"]
[WhiteClock "0:00:00"]
[BlackClock "0:00:04"]
[Board "175"]

1. d4 Nf6 2. Nf3 c5 3. e3 g6 4. Be2 Bg7 5. O-O O-O 6. b3 d6 7. Bb2 cxd4 8. exd4 Nh5 9. Qd2 Nc6 10. c4 e5 11. d5 Nb8 12. Nc3 f5 13. g3 Nd7 14. b4 Qf6 15. Nb5 Nb6 16. c5 Na4 17. Nxd6 Nxb2 18. Qxb2 e4 19. Qxf6 Bxf6 20. Rac1 exf3 21. Bxf3 Ng7 22. Nxc8 Raxc8 23. d6 Rb8 24. b5 Ne8 25. Rfe1 Rd8 26. Bxb7 Nxd6 27. cxd6 Rxd6 28. Re2 Rfd8 29. Rc7 R6d7 30. Rxd7 Rxd7 31. Bc6 Rd6 32. Kg2 Bd4 33. a4 Kf7 34. a5 Kf6 35. Rc2 Ke5 36. h3 h6 37. Re2+ Kf6 38. Re8 Bc3 39. a6 Bd4 40. Re2 Bb6 41. Rc2 Bd4 42. Re2 Bb6 43. Rc2 g5 44. Re2 Rd4 45. Rc2 Rb4 46. Re2 f4 47. gxf4 Rxf4 48. Rd2 Ke5 49. Re2+ Kd6 50. Rd2+ Ke5 51. f3 h5 52. Rd5+ Kf6 53. Rd6+ Ke5 54. Rd7 Rb4 55. Kg3 h4+ 0-1


[Site "https://www.chess.com"]

[Event "Titled Tuesday Blitz August 08 Late 2023"]
[White "Omariev, Maksim"]
[Black "Thiel, Thomas"]
[WhiteFideId "4193423"]
[BlackFideId "4615964"]
[WhiteElo "2445"]
[BlackElo "2198"]
[Result "1-0"]
[Round "4"]
[TimeControl "180+1"]
[Date "2023.08.08"]
[WhiteClock "0:00:03"]
[BlackClock "0:00:00"]
[Board "176"]

1. g4 d5 2. Bg2 Bxg4 3. c4 c6 4. cxd5 cxd5 5. Qb3 Nf6 6. Qxb7 Nbd7 7. d4 e6 8. Nc3 Be7 9. Nf3 O-O 10. Bf4 Nb6 11. O-O Nc4 12. b3 Nd6 13. Rfc1 Nxb7 14. Ne5 Rc8 15. f3 Bh5 16. Nb5 Rxc1+ 17. Rxc1 Qa5 18. a4 Nd6 19. Nc6 Qb6 20. Nxe7+ Kh8 21. Bxd6 a6 22. Bc5 Qb7 23. Na7 Qxb3 24. Kf2 Qb2 25. Re1 Re8 26. Nac6 Nd7 27. Bd6 Nb6 28. a5 Nc4 29. Bc5 Qb5 30. e4 Nxa5 31. Nxa5 Qxa5 32. exd5 exd5 33. Ng6+ hxg6 34. Rxe8+ Kh7 35. Re2 Qc3 36. Ra2 Qc4 37. Ra3 Qc2+ 38. Kg3 Qc1 39. Kf2 Qb2+ 40. Kg3 Qd2 41. h4 Qe1+ 42. Kh3 Qe6+ 43. Kg3 1-0


[Site "https://www.chess.com"]

[Event "Titled Tuesday Blitz August 08 Late 2023"]
[White "Clawitter, Craig"]
[Black "Ozalp, Burak"]
[WhiteFideId "2023105"]
[BlackFideId "6314210"]
[WhiteElo "2190"]
[BlackElo "2394"]
[Result "0-1"]
[Round "4"]
[TimeControl "180+1"]
[Date "2023.08.08"]
[WhiteClock "0:00:00"]
[BlackClock "0:00:04"]
[Board "177"]

1. e4 c6 2. d4 d5 3. e5 Bf5 4. Nf3 e6 5. Be2 Ne7 6. O-O h6 7. Nbd2 Nd7 8. Nb3 g5 9. Ne1 Bg7 10. f4 Ng6 11. Bd3 Qb6 12. Bxf5 exf5 13. fxg5 hxg5 14. Rxf5 c5 15. dxc5 Qe6 16. Nd4 Qe7 17. Bxg5 Qxc5 18. Nf3 Ndxe5 19. Nxe5 Bxe5 20. c3 Bxh2+ 21. Kf1 Bg3 22. Qa4+ b5 23. Nxb5 Rh1+ 24. Ke2 Kf8 25. Rxh1 Re8+ 26. Kd1 Kg8 27. Nd4 Qc8 28. Rf3 Bd6 29. Re3 Be5 30. Rhe1 Qg4+ 31. Kc1 Qxg5 32. Kc2 Re7 33. Nc6 Qf5+ 34. Kc1 Re6 35. Nd4 Qg5 36. Nxe6 fxe6 37. Kb1 Kg7 38. Rxe5 Nxe5 39. Qd4 Qf5+ 40. Ka1 Kf6 0-1


[Site "https://www.chess.com"]

[Event "Titled Tuesday Blitz August 08 Late 2023"]
[White "Fernandez Bustamante, Leancy B."]
[Black "riospm"]
[WhiteFideId "3523870"]
[WhiteElo "2186"]
[BlackElo "2394"]
[Result "1-0"]
[Round "4"]
[TimeControl "180+1"]
[Date "2023.08.08"]
[WhiteClock "0:00:57"]
[BlackClock "0:00:19"]
[Board "178"]

1. e4 c5 2. Nf3 d6 3. c3 Nf6 4. h3 g6 5. Bd3 Bg7 6. Bc2 O-O 7. O-O Nc6 8. Re1 e5 9. d4 exd4 10. cxd4 Re8 11. Bg5 h6 12. Bh4 g5 13. Bg3 Nh5 14. Bh2 Nxd4 15. Nxd4 Bxd4 16. Qxh5 Bxb2 17. Nd2 Bxa1 18. Rxa1 Kg7 19. Rd1 Be6 20. e5 d5 21. Ne4 dxe4 22. Rxd8 Raxd8 23. h4 Rd2 24. Bxe4 Rxa2 25. Bg3 g4 26. Bf5 c4 27. Bxe6 Rxe6 28. Qxg4+ Kh7 29. Qxc4 Ra1+ 30. Kh2 b6 31. Qf4 Kg7 32. h5 Ra5 33. Qf5 Rc5 34. f4 a5 35. Bh4 a4 36. Bf6+ Kf8 37. Qh7 Ke8 38. Qg8+ 1-0


[Site "https://www.chess.com"]

[Event "Titled Tuesday Blitz August 08 Late 2023"]
[White "Korpics, Zsolt"]
[Black "Lopez Perdomo, Juan David"]
[WhiteFideId "705241"]
[BlackFideId "4405137"]
[WhiteElo "2368"]
[BlackElo "2183"]
[Result "1-0"]
[Round "4"]
[TimeControl "180+1"]
[Date "2023.08.08"]
[WhiteClock "0:00:27"]
[BlackClock "0:00:00"]
[Board "179"]

1. e4 e6 2. d4 d5 3. Bd3 dxe4 4. Bxe4 Nf6 5. Bf3 c6 6. Ne2 Be7 7. O-O O-O 8. c4 Re8 9. Nbc3 Nbd7 10. Bf4 Nf8 11. Qc2 Ng6 12. Bg3 Bd6 13. Rad1 Bxg3 14. hxg3 Qa5 15. Nf4 Nxf4 16. gxf4 Bd7 17. Rb1 a6 18. b4 Qc7 19. g3 Rad8 20. Na4 Bc8 21. Rbd1 Re7 22. Rd2 Red7 23. Rfd1 Rd6 24. Qc3 Bd7 25. c5 Rd5 26. Bxd5 Nxd5 27. Qb3 h5 28. Nc3 h4 29. Ne4 Be8 30. a3 f6 31. Qf3 hxg3 32. fxg3 Bg6 33. Re1 Bxe4 34. Qxe4 Re8 35. Rh2 Kf7 36. Rh3 1-0


[Site "https://www.chess.com"]

[Event "Titled Tuesday Blitz August 08 Late 2023"]
[White "Castella Garcia, Fausto"]
[Black "Powell, Paul"]
[WhiteFideId "3501922"]
[BlackFideId "2005840"]
[WhiteElo "2329"]
[BlackElo "2174"]
[Result "1-0"]
[Round "4"]
[TimeControl "180+1"]
[Date "2023.08.08"]
[WhiteClock "0:02:03"]
[BlackClock "0:01:06"]
[Board "180"]

1. e4 c5 2. Nf3 d6 3. d4 cxd4 4. Nxd4 Nf6 5. Nc3 g6 6. f4 Nc6 7. Bb5 Bd7 8. Bxc6 bxc6 9. e5 dxe5 10. fxe5 Ng4 11. e6 fxe6 12. Qxg4 e5 13. Qh4 exd4 14. Qxd4 Rg8 15. Be3 Bg7 16. Qc4 e6 17. O-O-O Qc7 18. Rxd7 Kxd7 19. Rd1+ Kc8 20. Qxe6+ Kb8 21. Qxg8+ Kb7 22. Qb3+ 1-0


[Site "https://www.chess.com"]

[Event "Titled Tuesday Blitz August 08 Late 2023"]
[White "campochess"]
[Black "Harish, Neeraj"]
[BlackFideId "30958130"]
[WhiteElo "2166"]
[BlackElo "2317"]
[Result "0-1"]
[Round "4"]
[TimeControl "180+1"]
[Date "2023.08.08"]
[WhiteClock "0:00:30"]
[BlackClock "0:00:18"]
[Board "181"]

1. d4 Nf6 2. Bg5 d5 3. Nd2 c5 4. e3 Nc6 5. c3 h6 6. Bf4 Bf5 7. Ngf3 e6 8. Bb5 Qb6 9. Qa4 Be7 10. Ne5 Rc8 11. O-O O-O 12. Bxc6 bxc6 13. dxc5 Bxc5 14. Nb3 Be7 15. Nd4 c5 16. Nxf5 exf5 17. Nd3 Bd6 18. Rab1 Bxf4 19. Nxf4 Rfd8 20. b4 c4 21. Qc2 g6 22. a4 Qb7 23. Rfd1 Rc7 24. Rd4 Rcd7 25. Rbd1 g5 26. Ne2 Ne4 27. f3 Nd6 28. Rxd5 Kg7 29. Ng3 Qb6 30. Kh1 Qxe3 31. Rxd6 Rxd6 32. Nxf5+ Kg8 33. Nxh6+ Kf8 34. Rg1 Qxg1+ 35. Kxg1 Rd1+ 36. Kf2 R8d2+ 37. Qxd2 Rxd2+ 38. Ke3 Rxg2 39. Ng4 Ra2 40. a5 f5 41. Ne5 Rxh2 42. Nxc4 g4 43. fxg4 fxg4 44. Kf4 Rc2 45. b5 Rxc3 46. Nd6 Ke7 47. Ne4 Rb3 48. Kxg4 Rxb5 49. Kf4 Rxa5 50. Nc3 Kd6 51. Ke4 Kc5 52. Nd5 Ra4+ 53. Ke5 Ra1 54. Nc3 Re1+ 55. Kf4 a5 56. Kf3 Kc4 57. Na4 Kb4 58. Nb2 Kb3 59. Nd3 Re8 60. Nc5+ Kb2 61. Kf2 Ka3 62. Kf3 a4 63. Kf2 Kb4 64. Na6+ Kc3 65. Nc5 a3 66. Na4+ Kc2 0-1


[Site "https://www.chess.com"]

[Event "Titled Tuesday Blitz August 08 Late 2023"]
[White "Ai, Evan"]
[Black "Francisco_Ferrari"]
[WhiteFideId "2094770"]
[WhiteElo "2316"]
[BlackElo "2173"]
[Result "1/2-1/2"]
[Round "4"]
[TimeControl "180+1"]
[Date "2023.08.08"]
[WhiteClock "0:00:23"]
[BlackClock "0:00:19"]
[Board "182"]

1. e4 e5 2. Nf3 Nc6 3. d4 exd4 4. Nxd4 Nf6 5. Nc3 Bb4 6. Nxc6 bxc6 7. Bd3 O-O 8. O-O h6 9. e5 Bxc3 10. bxc3 Nd5 11. Qg4 d6 12. Qg3 Kh8 13. c4 Nb4 14. exd6 Nxd3 15. cxd3 Qxd6 16. Bf4 Qg6 17. Qxg6 fxg6 18. Bxc7 Bf5 19. Rfd1 Rac8 20. Be5 c5 21. d4 cxd4 22. Rxd4 Rfe8 23. f4 g5 24. Rc1 gxf4 25. Bxf4 Re2 26. c5 Be4 27. Rd2 Rxd2 28. Bxd2 Kg8 29. Bf4 Kf7 30. Kf2 Ke6 31. Ke3 Bxg2 32. Rg1 g5 33. Rxg2 gxf4+ 34. Kxf4 Rxc5 35. Rg6+ Kf7 36. Rxh6 Kg7 37. Rd6 Rc2 38. Rd7+ Kf6 39. Rxa7 Rxh2 40. Ke4 Ke6 41. Ra6+ Kd7 42. Kd5 Rh5+ 43. Kc4 Kc7 44. Ra3 Kb6 45. Rd3 Kc6 46. a4 Rh4+ 47. Kb3 Kb6 48. Rf3 Rh6 49. Rf4 Ka5 50. Rf5+ Ka6 51. Rf4 Ka5 52. Rf5+ Ka6 53. Kb4 Rh4+ 54. Ka3 Rh6 55. Rc5 Rg6 56. Kb4 Rg4+ 57. Kb3 Kb6 58. Rc8 Ka5 59. Ra8+ Kb6 60. Rb8+ Ka5 61. Rb5+ Ka6 62. Ka3 Rg3+ 63. Kb4 Rg4+ 64. Kb3 Rg3+ 65. Kc2 Rg2+ 66. Kc3 Rg3+ 67. Kb4 Rg4+ 68. Ka3 Rg3+ 69. Rb3 Rxb3+ 70. Kxb3 Ka7 71. Ka3 Ka8 72. Kb4 Kb8 73. Kb5 Ka8 74. Kb6 Kb8 75. a5 Ka8 76. a6 Kb8 77. a7+ Ka8 78. Ka6 1/2-1/2


[Site "https://www.chess.com"]

[Event "Titled Tuesday Blitz August 08 Late 2023"]
[White "Osmonbekov, Talaibek"]
[Black "AndresDelgado77"]
[WhiteFideId "2017253"]
[WhiteElo "2166"]
[BlackElo "2310"]
[Result "0-1"]
[Round "4"]
[TimeControl "180+1"]
[Date "2023.08.08"]
[WhiteClock "0:00:00"]
[BlackClock "0:00:39"]
[Board "183"]

1. d4 Nf6 2. Nc3 e6 3. Bf4 c5 4. e3 a6 5. Nf3 Qb6 6. Na4 Qa5+ 7. c3 c4 8. b3 b5 9. Nb2 Qxc3+ 10. Qd2 Bb4 11. a3 Qxd2+ 12. Nxd2 Bc3 13. bxc4 Bxb2 14. Rb1 Bxa3 15. cxb5 axb5 16. Bxb5 Nd5 17. Bxb8 Rxb8 18. Bxd7+ Kxd7 19. Rxb8 Bb4 20. e4 Kc7 21. Rxc8+ Rxc8 22. exd5 Kd6 23. Ke2 Rc2 24. Rd1 Kxd5 25. Rb1 Rxd2+ 26. Ke3 Rxd4 27. f3 Bc5 28. Ke2 e5 29. Ra1 Rb4 30. Ra8 h5 0-1


[Site "https://www.chess.com"]

[Event "Titled Tuesday Blitz August 08 Late 2023"]
[White "Guevara Sanchez, Erick Marvin"]
[Black "Spichkin, Alexander"]
[WhiteFideId "6700136"]
[BlackFideId "4144074"]
[WhiteElo "2110"]
[BlackElo "2299"]
[Result "1-0"]
[Round "4"]
[TimeControl "180+1"]
[Date "2023.08.08"]
[WhiteClock "0:01:46"]
[BlackClock "0:02:02"]
[Board "184"]

1. e4 e5 2. Nf3 d5 3. Nxe5 Bd6 4. d4 dxe4 5. Bc4 Bxe5 6. dxe5 Qxd1+ 7. Kxd1 Nc6 8. Re1 Bg4+ 9. Be2 O-O-O+ 10. Bd2 Nxe5 11. Nc3 Nf6 12. Kc1 Bf5 13. Bf4 Ng6 14. Be3 a6 15. b4 Nd5 16. Nxd5 Rxd5 17. Bc4 Rd7 18. b5 axb5 19. Bxb5 c6 20. Bc4 Ne5 21. Be2 Be6 22. a4 f5 23. a5 Nc4 24. a6 bxa6 25. Rxa6 Rhd8 26. Rxc6+ Kb7 27. Rxe6 Nxe3 28. fxe3 g6 29. Rd1 1-0


[Site "https://www.chess.com"]

[Event "Titled Tuesday Blitz August 08 Late 2023"]
[White "Fajdetic, Hrvoje"]
[Black "Maluco_do_Natal_00"]
[WhiteFideId "14501945"]
[WhiteElo "2283"]
[BlackElo "2070"]
[Result "0-1"]
[Round "4"]
[TimeControl "180+1"]
[Date "2023.08.08"]
[WhiteClock "0:00:00"]
[BlackClock "0:00:01"]
[Board "186"]

1. f4 d5 2. Nf3 c5 3. e3 g6 4. Be2 Bg7 5. O-O Nf6 6. d3 O-O 7. Qe1 Nc6 8. Ne5 Qc7 9. Nxc6 Qxc6 10. Bf3 Bg4 11. Bxg4 Nxg4 12. c3 f5 13. d4 b5 14. Nd2 a5 15. Nf3 b4 16. h3 Nf6 17. Ne5 Qc7 18. g4 e6 19. Qh4 Ne4 20. Kg2 Bxe5 21. fxe5 bxc3 22. bxc3 Nxc3 23. Ba3 Rab8 24. Bxc5 Rb2+ 25. Kh1 Rc8 26. gxf5 exf5 27. Qf6 Ne4 28. Qe6+ Kg7 29. Rf3 Nxc5 30. dxc5 Qxc5 31. Qf6+ Kg8 32. Qe6+ Kg7 33. Qf6+ Kg8 34. Qe6+ Kf8 35. Rxf5+ gxf5 36. Rg1 Qc1 0-1


[Site "https://www.chess.com"]

[Event "Titled Tuesday Blitz August 08 Late 2023"]
[White "Nikulina, Alena"]
[Black "Fernandez Madrid, Carlos"]
[WhiteFideId "4172051"]
[BlackFideId "2206030"]
[WhiteElo "2069"]
[BlackElo "2279"]
[Result "0-1"]
[Round "4"]
[TimeControl "180+1"]
[Date "2023.08.08"]
[WhiteClock "0:00:04"]
[BlackClock "0:00:46"]
[Board "187"]

1. e4 g6 2. d4 Bg7 3. Nc3 d6 4. Be3 a6 5. Bc4 b5 6. Bb3 e6 7. a3 Bb7 8. Nge2 Nf6 9. f3 O-O 10. Qd2 Nbd7 11. O-O-O Nb6 12. Bh6 Nc4 13. Bxc4 bxc4 14. Bxg7 Kxg7 15. h4 h6 16. g4 Bc6 17. g5 Ng8 18. gxh6+ Nxh6 19. h5 g5 20. f4 gxf4 21. Rdg1+ Kh7 22. Qxf4 Rg8 23. d5 Bd7 24. e5 dxe5 25. Qxe5 f6 26. Qe4+ f5 27. Qe5 Qe7 28. Rg6 Qd6 29. Qf6 Qf8 30. dxe6 Qxf6 31. Rxf6 Be8 32. Nd5 Bc6 33. Nxc7 Bxh1 34. Nxa8 Bxa8 35. Nf4 Re8 36. Ng6 Bd5 37. e7 Bf7 38. Rxa6 Bxg6 39. hxg6+ Kg7 40. Re6 Ng8 41. Rc6 Nxe7 42. Rxc4 Nxg6 43. b4 f4 44. Rc3 Rf8 45. Rf3 Ne5 46. Rf1 f3 47. Kd2 Ng4 48. a4 f2 49. Ke2 Re8+ 50. Kd2 Re4 51. c3 Kg6 52. Kd3 Rf4 53. Ke2 Re4+ 54. Kd3 Kf5 55. a5 Re3+ 56. Kd2 Rf3 57. Ke2 Rxc3 58. a6 Ra3 59. b5 Ra2+ 60. Kd3 Kf4 61. Kc4 Ne3+ 62. Kc5 Nxf1 63. Kb6 Ne3 64. Kb7 f1=Q 65. a7 Qf3+ 66. Kb8 0-1


[Site "https://www.chess.com"]

[Event "Titled Tuesday Blitz August 08 Late 2023"]
[White "Cagara, Paulina"]
[Black "Bongo Akanga Ndjila, Barthelemy"]
[WhiteFideId "1124870"]
[BlackFideId "10609431"]
[WhiteElo "2265"]
[BlackElo "2042"]
[Result "1-0"]
[Round "4"]
[TimeControl "180+1"]
[Date "2023.08.08"]
[WhiteClock "0:01:04"]
[BlackClock "0:00:22"]
[Board "188"]

1. e4 c6 2. d4 d5 3. exd5 cxd5 4. Bd3 Nc6 5. c3 Nf6 6. h3 g6 7. Nf3 Bg7 8. Bf4 Bf5 9. Bxf5 gxf5 10. Ne5 Rc8 11. Nd2 O-O 12. O-O Nd7 13. Ndf3 f6 14. Nxc6 bxc6 15. Qe2 Kf7 16. b4 Re8 17. Bh2 e5 18. Nh4 Ke6 19. Qh5 f4 20. Qf5+ Kf7 21. Qxh7 Rh8 22. Qg6+ Kg8 23. Nf5 Qf8 24. Rfe1 Qf7 25. Qg4 Rf8 26. Bxf4 Rh5 27. Nh6+ Rxh6 28. Bxh6 Kh7 29. Bxg7 Qxg7 30. Qxg7+ Kxg7 31. f3 Kg6 32. a4 Rd8 33. b5 Rc8 34. Rab1 c5 35. dxe5 Nxe5 36. Rbd1 Rd8 37. f4 Nc4 38. Re7 Rd6 39. Rxa7 Kf5 40. Ra6 Rd7 41. Rc6 Ne3 42. Re1 Kxf4 43. Rxf6+ Nf5 44. Rf1+ 1-0


[Site "https://www.chess.com"]

[Event "Titled Tuesday Blitz August 08 Late 2023"]
[White "Blackwhite017"]
[Black "Steindl, Johannes"]
[BlackFideId "1643266"]
[WhiteElo "2025"]
[BlackElo "2260"]
[Result "0-1"]
[Round "4"]
[TimeControl "180+1"]
[Date "2023.08.08"]
[WhiteClock "0:00:00"]
[BlackClock "0:00:10"]
[Board "189"]

1. e4 c5 2. Nf3 e6 3. d4 cxd4 4. Nxd4 Nc6 5. Nxc6 bxc6 6. Bd3 d5 7. O-O Nf6 8. e5 Nd7 9. f4 Be7 10. Qe2 a5 11. f5 exf5 12. e6 fxe6 13. Qxe6 Nb8 14. Qe2 O-O 15. Nc3 Bd6 16. Kh1 Qh4 17. h3 Qg3 18. Kg1 f4 19. Qf3 Qxf3 20. Rxf3 Nd7 21. Bd2 g5 22. Re1 Ne5 23. Rff1 Nxd3 24. cxd3 Bf5 25. d4 a4 26. Rf2 a3 27. b3 Rfe8 28. Rfe2 Kf7 29. Na4 Rxe2 30. Rxe2 Bb1 31. Bc1 Re8 32. Rxe8 Kxe8 33. Nc3 Bf5 34. Kf2 Bb4 35. Ne2 Bb1 0-1


[Site "https://www.chess.com"]

[Event "Titled Tuesday Blitz August 08 Late 2023"]
[White "Osiecki, Stanislaw"]
[Black "alfianasybullina"]
[WhiteFideId "1102990"]
[WhiteElo "2003"]
[BlackElo "2250"]
[Result "1/2-1/2"]
[Round "4"]
[TimeControl "180+1"]
[Date "2023.08.08"]
[WhiteClock "0:00:04"]
[BlackClock "0:00:11"]
[Board "190"]

1. e4 c6 2. d4 d5 3. e5 c5 4. c3 Nc6 5. h3 Bf5 6. Nf3 e6 7. Bd3 Bxd3 8. Qxd3 Nge7 9. O-O Nf5 10. Rd1 Be7 11. a3 O-O 12. dxc5 Bxc5 13. b4 Bb6 14. Bf4 Rc8 15. Nbd2 Re8 16. Nb3 f6 17. Rac1 fxe5 18. Nxe5 Nxe5 19. Bxe5 Qg5 20. Nd4 Nh4 21. Qg3 Qxg3 22. Bxg3 Ng6 23. Nb5 Re7 24. Nd6 Rf8 25. c4 Nf4 26. Bxf4 Rxf4 27. c5 Bd8 28. Rc2 g5 29. Nc8 Rd7 30. Nxa7 d4 31. Rd3 e5 32. f3 e4 33. fxe4 Rxe4 34. Rcd2 b6 35. Nb5 bxc5 36. bxc5 Rb7 37. a4 Ba5 38. Rd1 Rb8 39. Rxd4 Rxd4 40. Rxd4 Kf7 41. Rd7+ Ke6 42. Rxh7 Rc8 43. Rh6+ Ke5 44. c6 Bb6+ 45. Kh2 Kf5 46. g4+ Ke5 47. Rg6 Kf4 48. Rf6+ Ke4 49. c7 Bxc7+ 50. Nxc7 Rxc7 51. Rf5 Rc2+ 52. Kg1 Rc1+ 53. Kf2 Rc2+ 54. Ke1 Ke3 55. Kd1 Rh2 56. Rxg5 Rxh3 57. a5 Kf4 58. Rd5 Kxg4 59. Kc2 Kf4 60. Kb2 Ke4 61. Rd8 Rh5 62. Ra8 Kd4 63. Ka3 Kc5 64. Ka4 Rh4+ 65. Kb3 Kb5 66. Ka3 Rh3+ 67. Kb2 Rh2+ 68. Kc3 Rh3+ 69. Kd4 Ra3 70. Kd5 Rxa5 71. Rxa5+ Kxa5 1/2-1/2


[Site "https://www.chess.com"]

[Event "Titled Tuesday Blitz August 08 Late 2023"]
[White "Fedoseev, Vladimir"]
[Black "Perez Ponsa, Federico"]
[WhiteFideId "24130737"]
[BlackFideId "117927"]
[WhiteElo "3102"]
[BlackElo "2887"]
[Result "1-0"]
[Round "5"]
[TimeControl "180+1"]
[Date "2023.08.08"]
[WhiteClock "0:00:54"]
[BlackClock "0:00:00"]
[Board "1"]

1. Nf3 Nf6 2. g3 g6 3. Bg2 Bg7 4. O-O O-O 5. d3 d6 6. e4 c5 7. Nc3 Nc6 8. h3 Rb8 9. a4 a6 10. Be3 b5 11. axb5 axb5 12. e5 Ne8 13. exd6 exd6 14. d4 b4 15. Nd5 c4 16. c3 Nc7 17. Nd2 bxc3 18. bxc3 Nxd5 19. Bxd5 Ne7 20. Bg2 Be6 21. Bg5 Qd7 22. Re1 Nd5 23. Qf3 Rfc8 24. g4 h6 25. Bh4 g5 26. Bg3 Nf6 27. Ra6 Rb2 28. Rxd6 Qxd6 29. Bxd6 Rxd2 30. Qb7 Rd8 31. Be7 Rd7 32. Qc8+ Kh7 33. Rxe6 Rd1+ 34. Kh2 1-0


[Site "https://www.chess.com"]

[Event "Titled Tuesday Blitz August 08 Late 2023"]
[White "Rasulov, Vugar"]
[Black "He, Anthony"]
[WhiteFideId "13402390"]
[BlackFideId "2088215"]
[WhiteElo "2865"]
[BlackElo "2963"]
[Result "1/2-1/2"]
[Round "5"]
[TimeControl "180+1"]
[Date "2023.08.08"]
[WhiteClock "0:00:42"]
[BlackClock "0:00:44"]
[Board "2"]

1. d4 Nf6 2. c4 g6 3. Nf3 Bg7 4. e3 O-O 5. Be2 b6 6. O-O Bb7 7. Nc3 d5 8. Ne5 e6 9. Bf3 Nbd7 10. Nxd7 Qxd7 11. b3 c5 12. Ba3 Rac8 13. Rc1 Rfd8 14. dxc5 bxc5 15. cxd5 exd5 16. Na4 c4 17. Nc5 Qe7 18. Nxb7 Qxb7 19. bxc4 Qa6 20. Be7 Rd7 21. Bxf6 Bxf6 22. cxd5 Rdc7 23. Rxc7 Rxc7 24. Qd2 Bc3 25. Qc2 Be5 26. Qe2 Qxe2 27. Bxe2 Rc2 28. Bb5 Rxa2 29. Rd1 Rb2 30. Bc6 a5 31. g3 Bd6 32. Kg2 Kf8 33. Ra1 Bb4 34. d6 Bxd6 35. Rxa5 Bb4 36. Ra1 Rd2 37. Kf3 Rd6 38. Bb5 Rf6+ 39. Ke2 Re6 40. Bc4 Re7 41. h4 h5 42. Rb1 Bc3 43. Kf3 Kg7 44. Bd5 Rd7 45. e4 Bd4 46. Ke2 Ra7 47. f4 Rc7 48. Kd3 Bf2 49. e5 Bxg3 50. Ke4 Bxh4 51. f5 gxf5+ 52. Kxf5 Bg3 53. Rb7 Rxb7 54. Bxb7 h4 55. Bg2 Bf2 56. Bf1 Bg3 57. Bg2 Bh2 58. Bf1 Kh6 59. Bc4 Kg7 60. e6 fxe6+ 61. Bxe6 Kh6 62. Kg4 h3 63. Kxh3 1/2-1/2


[Site "https://www.chess.com"]

[Event "Titled Tuesday Blitz August 08 Late 2023"]
[White "Rustemov, Alexander"]
[Black "Iturrizaga Bonelli, Eduardo"]
[WhiteFideId "4119002"]
[BlackFideId "3901211"]
[WhiteElo "2857"]
[BlackElo "2961"]
[Result "0-1"]
[Round "5"]
[TimeControl "180+1"]
[Date "2023.08.08"]
[WhiteClock "0:00:22"]
[BlackClock "0:00:22"]
[Board "3"]

1. d4 Nf6 2. c4 e6 3. Nf3 b6 4. a3 Bb7 5. Nc3 d5 6. Bg5 Be7 7. Bxf6 Bxf6 8. cxd5 exd5 9. Qa4+ c6 10. g3 O-O 11. Rd1 g6 12. Bg2 Re8 13. O-O Bg7 14. e3 Nd7 15. Rd2 a5 16. Rfd1 b5 17. Qc2 a4 18. e4 Nb6 19. exd5 cxd5 20. Ne5 Rc8 21. Qb1 Ba6 22. Bf1 Nc4 23. Nxc4 dxc4 24. Bg2 Bh6 25. Re2 Rxe2 26. Nxe2 Rb8 27. Qc2 Bc8 28. Nc3 Bf5 29. Qe2 Bd3 30. Qg4 b4 31. axb4 Rxb4 32. Bf1 Rxb2 33. Nxa4 Rc2 34. Bxd3 cxd3 35. Rxd3 Qa5 36. Nc5 Qe1+ 0-1


[Site "https://www.chess.com"]

[Event "Titled Tuesday Blitz August 08 Late 2023"]
[White "Suleymanli, Aydin"]
[Black "Asadli, Vugar"]
[WhiteFideId "13413937"]
[BlackFideId "13405764"]
[WhiteElo "2953"]
[BlackElo "2836"]
[Result "0-1"]
[Round "5"]
[TimeControl "180+1"]
[Date "2023.08.08"]
[WhiteClock "0:00:01"]
[BlackClock "0:00:07"]
[Board "4"]

1. e4 c5 2. Nf3 e6 3. d4 cxd4 4. Nxd4 Nf6 5. Nc3 Nc6 6. Nxc6 bxc6 7. e5 Nd5 8. Ne4 Qc7 9. f4 Qb6 10. c4 Ne3 11. Qd3 Bb4+ 12. Bd2 Ba6 13. Bxb4 Qxb4+ 14. Kf2 Qxb2+ 15. Kxe3 Qxa1 16. Qa3 Qe1+ 17. Kf3 Qd1+ 18. Be2 Qxh1 19. Nd6+ Kd8 20. Nxf7+ Ke8 21. Nd6+ Kd8 22. Qxa6 Qc1 23. Qa5+ Ke7 24. Qc5 Raf8 25. Nf5+ Kd8 26. Qe7+ Kc8 27. Nd6+ Kc7 28. g3 Qc3+ 29. Kg2 Rb8 30. Qxg7 Rhd8 31. Bg4 Rb2+ 32. Kh3 Qd2 33. Bxe6 Qxh2+ 34. Kg4 Rg2 35. Nf5 h5+ 36. Kf3 Rf2+ 37. Ke4 Qg2+ 38. Kd3 Rd2+ 39. Kc3 Rc2+ 40. Kd4 Qd2+ 41. Ke4 Qg2+ 42. Kd3 Qe2+ 43. Kd4 Rd2+ 44. Kc5 Qf2+ 45. Kb4 Rb8+ 46. Kc3 Rc2+ 47. Kd3 Qe2+ 48. Kd4 Rd2+ 49. Kc3 Qd3# 0-1


[Site "https://www.chess.com"]

[Event "Titled Tuesday Blitz August 08 Late 2023"]
[White "Shimanov, Aleksandr"]
[Black "Ashraf, Artin"]
[WhiteFideId "4198603"]
[BlackFideId "22514805"]
[WhiteElo "2931"]
[BlackElo "2836"]
[Result "1-0"]
[Round "5"]
[TimeControl "180+1"]
[Date "2023.08.08"]
[WhiteClock "0:00:39"]
[BlackClock "0:00:00"]
[Board "5"]

1. d4 a6 2. e4 c6 3. e5 d5 4. Bd3 c5 5. c3 Nc6 6. Ne2 cxd4 7. cxd4 Bg4 8. f3 Bh5 9. Nf4 Bg6 10. Nxg6 hxg6 11. e6 Nxd4 12. exf7+ Kxf7 13. Bxg6+ Kxg6 14. Qxd4 e5 15. Qxe5 Qh4+ 16. g3 Qb4+ 17. Bd2 Qc4 18. Qe2 Nf6 19. Qxc4 dxc4 20. Nc3 Bc5 21. O-O-O b5 22. h4 Rad8 23. g4 Rd3 24. h5+ Kf7 25. Rhf1 Rhd8 26. Bg5 Bb4 27. Ne4 Rxd1+ 28. Rxd1 Rxd1+ 29. Kxd1 Nxe4 30. fxe4 Ke6 31. Ke2 Bc5 32. Be3 Bf8 33. Bd4 g6 34. hxg6 Bb4 35. g7 Kf7 36. g5 Be7 37. g6+ Kg8 38. Kf3 a5 39. Kf4 b4 40. Kf5 a4 41. Ke6 Bg5 42. Kd5 c3 43. bxc3 b3 44. axb3 axb3 45. c4 Bc1 46. c5 b2 47. Bxb2 Bxb2 48. c6 1-0


[Site "https://www.chess.com"]

[Event "Titled Tuesday Blitz August 08 Late 2023"]
[White "Droin, Augustin"]
[Black "Fressinet, Laurent"]
[WhiteFideId "45105987"]
[BlackFideId "608742"]
[WhiteElo "2578"]
[BlackElo "2923"]
[Result "1/2-1/2"]
[Round "5"]
[TimeControl "180+1"]
[Date "2023.08.08"]
[WhiteClock "0:00:12"]
[BlackClock "0:00:14"]
[Board "6"]

1. e4 e5 2. Nf3 Nc6 3. Bb5 a6 4. Ba4 Nf6 5. O-O Bc5 6. c3 O-O 7. d4 Ba7 8. Re1 d6 9. h3 b5 10. Bb3 h6 11. a4 Bb7 12. Na3 Bb6 13. Be3 exd4 14. cxd4 Na5 15. Bc2 b4 16. Nb1 Bxe4 17. Bxe4 Nxe4 18. Bxh6 Nxf2 19. Kxf2 gxh6 20. Nbd2 Qf6 21. Ne4 Qg7 22. Ng3 Rae8 23. Qd3 Qg6 24. Nf5 Kh8 25. N3h4 Qf6 26. Rxe8 Rxe8 27. Re1 Rg8 28. Qd2 Nc6 29. Qxh6+ Qxh6 30. Nxh6 Rf8 31. N6f5 Nxd4 32. Kf1 Ne6 33. g4 Bd4 34. Nxd4 Nxd4 35. Re7 c5 36. Nf5 Nxf5 37. gxf5 Kg7 38. Rd7 Rc8 39. Rxd6 c4 40. Ke2 c3 41. bxc3 Rxc3 42. Rxa6 Rxh3 43. Rb6 b3 44. Kd2 Rf3 45. a5 Rxf5 46. a6 Ra5 47. Kc3 f6 48. Kxb3 Kg6 49. Kb4 Ra1 50. Kb5 Kg5 51. Rd6 f5 52. Rd4 f4 53. Ra4 Rxa4 54. Kxa4 f3 55. a7 f2 56. a8=Q f1=Q 57. Qg8+ Kh4 58. Qh7+ Kg3 59. Qg6+ Kf2 60. Qf6+ Ke1 61. Qxf1+ Kxf1 1/2-1/2


[Site "https://www.chess.com"]